 Dungeon Crawl Stone Soup version 0.30.1-9-gdf580d7c3d (webtiles) character file.

Game seed: 12578548239006471139

280 KittyFluff the Cudgeller (level 6, -3/38 HPs)
             Began as a Gargoyle Berserker on Oct 10, 2023.
             Was a Believer of Trog.
             Slain by an ogre
             ... wielding a +0 giant spiked club
              (24 damage)
             ... on level 4 of the Dungeon.
             The game lasted 00:11:29 (2980 turns).

KittyFluff the Cudgeller (Gargoyle Berserker)       Turns: 2980, Time: 00:11:30

Health: -3/38      AC:  9    Str: 26    XL:     6   Next: 27%
Magic:  6/6        EV: 12    Int: 13    God:    Trog [**....]
Gold:   187        SH:  0    Dex:  9    Spells: 5/5 levels left

rFire   + . .        a - +0 mace
rCold   . . .        (no shield)
rNeg    + . .        s - +0 leather armour
rPois   ∞            (no helmet)
rElec   +            n - +0 cloak
rCorr   .            (no gloves)
SInv    .            (no boots)
Will    .....        (no amulet)
Stlth   +            v - ring "Ilugesag" {rF+ Str+3 Int+6}
HPRegen 0.26/turn    (no ring)
MPRegen 0.10/turn

%: no passive effects
@: no status effects
A: sickness immunity, AC +4, negative energy resistance 1, electricity
resistance, torment resistance 1, petrification resistance
a: Renounce Religion, Berserk, Trog's Hand


You were on level 4 of the Dungeon.
You worshipped Trog.
Trog was pleased with you.
You visited 1 branch of the dungeon, and saw 4 of its levels.

You collected 187 gold pieces.

Inventory:

Hand Weapons
 a - a +0 mace (weapon)
 p - a +0 sling
Missiles
 x - 6 poisoned darts (quivered)
Armour
 n - a +0 cloak (worn)
 s - a +0 leather armour (worn)
Jewellery
 b - a ring of ice
 v - the ring "Ilugesag" (left hand) {rF+ Str+3 Int+6}
   (You found it on level 3 of the Dungeon)

   [ring of intelligence]

   Str:       It affects your strength (+3).
   Int:       It affects your intelligence (+6).
   rF:        It protects you from fire.
Wands
 t - a wand of mindburst (11)
Scrolls
 c - 2 scrolls of poison {unknown}
 e - a scroll of vulnerability {unknown}
 f - a scroll of silence {unknown}
 h - 2 scrolls of teleportation {unknown}
 i - 3 scrolls of amnesia {unknown}
 j - 2 scrolls of enchant armour {unknown}
 l - a scroll of acquirement {unknown}
 m - a scroll of immolation {unknown}
 r - a scroll of fog {unknown}
 w - a scroll of enchant weapon {unknown}
 y - 2 scrolls of identify {unknown}
Potions
 d - a potion of flight {unknown}
 g - 3 potions of curing {unknown}
 k - a potion of berserk rage
 o - a potion of magic {unknown}
 q - a potion of cancellation {unknown}
 u - a potion of haste {unknown}
 z - a potion of lignification {unknown}


   Skills:
 + Level 4.3 Fighting
 * Level 4.6 Maces & Flails
 * Level 4.3 Armour
 + Level 2.5 Dodging


You had 5 spell levels left.
You didn't know any spells.
Your spell library was empty.

Dungeon Overview and Level Annotations

Branches:
Dungeon (4/15)
 Temple: D:4-7

Altars:
Gozag
Hepliaklqana
Nemelex Xobeh
Ru


Innate Abilities, Weirdness & Mutations

You are immune to sickness and miasma.
Your stone body is resilient. (AC +4)
You are immune to poison.
You resist negative energy. (rN+)
You are resistant to electric shocks. (rElec)
You are resistant to unholy torment.
You are immune to petrification.


Message History

You closely miss the quokka. You punch the quokka, but do no damage.
The quokka bites you but does no damage. x2
You thump the quokka!
You kill the quokka!
Trog accepts your kill.
An iguana comes into view.
The iguana hisses angrily.
You closely miss the iguana. The iguana completely misses you.
You sock the iguana!
The iguana is severely wounded.
The iguana closely misses you.
You closely miss the iguana.
The iguana is severely wounded.
The iguana bites you!
You barely miss the iguana.
The iguana is severely wounded.
The iguana bites you.
You hit the iguana but do no damage.
The iguana is severely wounded.
The iguana bites you.
You hit the iguana.
You kill the iguana!
Trog accepts your kill.
You see here an iguana corpse.
You start resting.
HP restored.
Found a scroll labelled SACLUO YFOARI.
i - 3 scrolls labelled SACLUO YFOARI (gained 1)
Found a scroll labelled NYLAYHUOQAI.
y - 2 scrolls labelled NYLAYHUOQAI (gained 1)
An ogre comes into view. It is wielding a +0 giant spiked club.
The ogre shouts!
You hit the ogre.
The ogre is lightly wounded.
The ogre hits you with a +0 giant spiked club!
You barely miss the ogre.
The ogre is lightly wounded.
The ogre hits you with a +0 giant spiked club!!
Ouch! That really hurt!
You die...

#.# #.#
######.########
#..............
#.####.########
####.# #.#
#....# #.#
#O#### #.# #@#
#.# #.#######.#
#.........#
###########


You could see an ogre.

Vanquished Creatures
  A vampire bat (D:3)
  An iguana (D:4)
  An orc wizard (D:3)
  Ijyb (D:3)
  6 gnolls
  3 adders
  2 worms (D:3)
  2 dart slugs (D:1)
  6 orcs
  5 ball pythons
  13 bats
  6 endoplasms
  A giant cockroach (D:3)
  7 goblins
  2 hobgoblins
  2 jackals (D:2)
  2 kobolds
  5 quokkas
  5 rats
71 creatures vanquished.

Notes
Turn   | Place    | Note
-------+----------+-------------------------------------------
     0 | D:1      | KittyFluff the Gargoyle Berserker began the quest for the
                  | Orb.
     0 | D:1      | Reached XP level 1. HP: 14/14 MP: 1/1
    92 | D:1      | Reached XP level 2. HP: 19/19 MP: 2/2
   360 | D:1      | Reached XP level 3. HP: 23/23 MP: 3/3
   810 | D:2      | Reached ** piety under Trog
  1461 | D:3      | Reached XP level 4. HP: 13/29 MP: 4/4
  1530 | D:3      | Found an opulent altar of Gozag.
  1636 | D:3      | Found a sparkling altar of Nemelex Xobeh.
  1695 | D:3      | Noticed Ijyb
  1709 | D:3      | Killed Ijyb
  1710 | D:3      | Reached XP level 5. HP: 6/33 MP: 5/5
  2164 | D:3      | Found a sacrificial altar of Ru.
  2218 | D:3      | Identified the ring "Ilugesag" {rF+ Str+3 Int+6}
  2244 | D:3      | Found a hazy altar of Hepliaklqana.
  2462 | D:4      | Reached XP level 6. HP: 29/38 MP: 6/6
  2980 | D:4      | Slain by an ogre

Illustrated notes

Levels and vault maps discovered:
D:1:      sevenhm_arrival_forest_fort_small_4, layout_rooms
D:2:      layout_basic
D:3:      layout_rooms, nicolae_ru_the_path_less_chosen,
          nicolae_gozag_cash_rules_everything_around_me,
          nemelex_dance_club_becter, mainiacjoe_overflow_surrounded_room,
          roderic_batcave, hangedman_decor_slide_cut, uniq_ijyb
D:4:      layout_basic, serial_shops, nicolae_shop_scrapyard, uniq_blork_the_orc

Skill      XL: |  1  2  3  4  5 |
---------------+----------------+-----
Armour         | 3 4 |  4.3
Dodging        | 2 |  2.5
Maces & Flails | 4 |  4.6
Fighting       | 4 |  4.3

Action                     |  1- 3 |  4- 6 || total
---------------------------+-------+-------++-------
  Melee: Mace              |   112 |   155 ||   267
         Punch             |     1 |     2 ||     3
 Invoke: Berserk           |       |     2 ||     2
 Armour: Animal skin       |    44 |       ||    44
         Leather armour    |    16 |    90 ||   106
  Dodge: Dodged            |    69 |   128 ||   197
